 Dungeon Crawl Stone Soup version 0.28-a0-1412-gf95308ed99 (webtiles) character file.

Game seed: 8124835129711337918

189 eustatius the Blocker (level 5, 0/47 HPs)
             Began as a Gnoll Wanderer on Jan 6, 2022.
             Killed from afar by an orc wizard (9 damage)
             ... with a magic dart
             ... on level 3 of the Dungeon.
             The game lasted 00:11:14 (3369 turns).

eustatius the Blocker (Gnoll Wanderer)              Turns: 3369, Time: 00:11:16

Health: 0/47       AC:  2    Str: 14    XL:     5   Next: 68%
Magic:  7/7        EV: 11    Int:  9    God:
Gold:   50         SH:  8    Dex: 13    Spells: 7/7 levels left

rFire   . . .      SeeInvis .   k - +0 hunting sling (flame)
rCold   . . .      Faith    .   d - +2 buckler
rNeg    . . .      Spirit   .   s - +0 robe "Icoklo Ruull" {Stlth+}
rPois   .          Reflect  .   (no helmet)
rElec   .          Harm     .   (no cloak)
rCorr   .          Rampage  .   (no gloves)
Will    .....                   (no boots)
Stlth   +++.......              (no amulet)
HPRegen 0.15/turn               (no ring)
MPRegen 0.10/turn               (no ring)

@: no status effects
A: fangs 1, strong nose, distributed training
a: no special abilities


You were on level 3 of the Dungeon.
You visited 1 branch of the dungeon, and saw 3 of its levels.

You collected 50 gold pieces.

Inventory:

Hand Weapons
 a - a +0 dagger
 k - a +0 hunting sling of flaming (weapon)
 o - a +0 rapier
 t - a +1 vorpal flail
 v - a +1 short sword of holy wrath
Missiles
 c - 8 boomerangs
 g - 2 curare-tipped darts
 l - 2 throwing nets
 q - 4 silver javelins
Armour
 d - a +2 buckler (worn)
 e - a +0 leather armour
 i - an orb of wrath
 s - the +0 robe "Icoklo Ruull" (worn) {Stlth+}
   (You found it on level 2 of the Dungeon)

   Stlth:     It makes you more stealthy.
Scrolls
 f - 2 scrolls of identify {unknown}
 h - 2 scrolls of blinking {unknown}
 j - 3 scrolls of teleportation {unknown}
 m - 2 scrolls of fear {unknown}
 u - a scroll of silence {unknown}
Potions
 b - a potion of attraction
 n - 2 potions of lignification {unknown}
 p - a potion of curing {unknown}


   Skills:
 + Level 6.7 Fighting
 + Level 1.6 Short Blades
 + Level 1.6 Long Blades
 + Level 1.6 Axes
 + Level 1.6 Maces & Flails
 + Level 1.6 Polearms
 + Level 1.6 Staves
 + Level 1.6 Slings
 + Level 1.6 Bows
 + Level 1.6 Crossbows
 + Level 4.8 Throwing
 + Level 1.6 Armour
 + Level 1.6 Dodging
 + Level 2.8 Stealth
 + Level 8.6 Shields
 + Level 1.6 Unarmed Combat
 + Level 1.6 Spellcasting
 + Level 1.2 Conjurations
 + Level 1.2 Hexes
 + Level 1.2 Summonings
 + Level 1.2 Necromancy
 + Level 1.2 Translocations
 + Level 1.2 Transmutations
 + Level 1.2 Fire Magic
 + Level 1.2 Ice Magic
 + Level 1.2 Air Magic
 + Level 1.2 Earth Magic
 + Level 1.2 Poison Magic
 + Level 1.8 Invocations
 + Level 1.6 Evocations


You had 7 spell levels left.
You didn't know any spells.
Your spell library contained the following spells:

 Spells                   Type           Power      Damage    Failure   Level
 Summon Forest            Summ/Tloc      1%         N/A       100%        5
 Summon Mana Viper        Hex/Summ       3%         N/A       100%        5
 Summon Cactus Giant      Summ           1%         N/A       100%        6


Dungeon Overview and Level Annotations

Branches:
Dungeon (3/15)

Altars:
Uskayaw


Innate Abilities, Weirdness & Mutations

You have very sharp teeth.
Your uncanny sense of smell can sniff out nearby items.
Your experience applies equally to all skills.


Message History

The sling bullet burns the adder.
The adder is almost dead.
The adder barely misses you. The orc wizard barely misses you.
Found a leather armour.
You block the adder's attack.
Fire: sling bullet
Press: ? - help, Q - select action, (/) - cycle Shift-Dir - straight line, f/p - adder
Aim: an adder (almost dead, 42% to hit)
You shoot a sling bullet. The sling bullet hits the adder.
The sling bullet burns the adder.
You kill the adder!
The orc wizard casts a spell.
The orc wizard flickers and vanishes!
Deactivating autopickup; reactivate with Ctrl-A.
Fire: 5 stones
Press: ? - help, Q - select action, (/) - cycle Shift-Dir - straight line You shoot a stone.
Something hits you.
* * * LOW HITPOINT WARNING * * *
Fire: 4 stones
Press: ? - help, Q - select action, (/) - cycle Shift-Dir - straight line You shoot a stone.
Something barely misses you. Something hits you.
* * * LOW HITPOINT WARNING * * *
Fire: 3 stones
Press: ? - help, Q - select action, (/) - cycle Shift-Dir - straight line You shoot a stone.
Something hits you.
* * * LOW HITPOINT WARNING * * *
Fire: 2 stones
Press: ? - help, Q - select action, (/) - cycle Shift-Dir - straight line You shoot a stone.
You hear a splash.
You block something's attack.
Fire: stone
Press: ? - help, Q - select action, (/) - cycle Shift-Dir - straight line You shoot a stone.
A magic dart appears from out of thin air!
The magic dart hits you!
You die...

............8...._≈≈......
.
....##..##...)≈≈≈≈≈≈..####
..........≈≈≈≈≈≈≈..##
....(...((.((......###
#.......#(...........
#.....(.#..{#......[.
#....)...............
......>...##....<.....
...........@(#........
...(((.(..####........
..(.(####.# ###.#....
.(... .# .#.... (..(# ..
## #.. ∆


There were no monsters in sight!

Vanquished Creatures
  Natasha (D:2)
  Terence (D:2)
  3 gnolls (D:3)
  6 adders
  A worm (D:2)
  A dart slug (D:2)
  4 orcs (D:3)
  4 ball pythons (D:1)
  4 endoplasms
  2 giant cockroaches
  5 goblins
  3 hobgoblins
  2 jackals (D:1)
  A quokka (D:1)
  2 bats
  5 frilled lizards (D:1)
  3 kobolds
  4 rats
52 creatures vanquished.

Notes
Turn   | Place    | Note
-------+----------+-------------------------------------------
     0 | D:1      | eustatius the Gnoll Wanderer began the quest for the Orb.
     0 | D:1      | eustatius set off with the following items: a +0 dagger, a
                  | potion of attraction, 8 boomerangs, a +2 buckler, a +0
                  | leather armour
     0 | D:1      | Reached XP level 1. HP: 23/23 MP: 1/1
   194 | D:1      | Reached XP level 2. HP: 17/29 MP: 2/2
   817 | D:1      | Reached XP level 3. HP: 35/35 MP: 3/3
  1608 | D:2      | Reached skill level 1 in Invocations
  2067 | D:2      | Reached skill level 1 in Short Blades
  2067 | D:2      | Reached skill level 1 in Long Blades
  2067 | D:2      | Reached skill level 1 in Axes
  2067 | D:2      | Reached skill level 1 in Maces & Flails
  2067 | D:2      | Reached skill level 1 in Polearms
  2067 | D:2      | Reached skill level 1 in Staves
  2067 | D:2      | Reached skill level 1 in Slings
  2067 | D:2      | Reached skill level 1 in Bows
  2067 | D:2      | Reached skill level 1 in Crossbows
  2067 | D:2      | Reached skill level 1 in Armour
  2067 | D:2      | Reached skill level 1 in Dodging
  2067 | D:2      | Reached skill level 1 in Unarmed Combat
  2067 | D:2      | Reached skill level 1 in Spellcasting
  2067 | D:2      | Reached skill level 1 in Evocations
  2507 | D:2      | Identified the +0 robe "Icoklo Ruull" {Stlth+}
  2542 | D:2      | Noticed Terence
  2555 | D:2      | Killed Terence
  2556 | D:2      | Reached XP level 4. HP: 30/41 MP: 5/5
  2610 | D:2      | Reached skill level 1 in Conjurations
  2610 | D:2      | Reached skill level 1 in Hexes
  2610 | D:2      | Reached skill level 1 in Summonings
  2610 | D:2      | Reached skill level 1 in Necromancy
  2610 | D:2      | Reached skill level 1 in Translocations
  2610 | D:2      | Reached skill level 1 in Transmutations
  2610 | D:2      | Reached skill level 1 in Fire Magic
  2610 | D:2      | Reached skill level 1 in Ice Magic
  2610 | D:2      | Reached skill level 1 in Air Magic
  2610 | D:2      | Reached skill level 1 in Earth Magic
  2610 | D:2      | Reached skill level 1 in Poison Magic
  2882 | D:3      | Noticed Natasha
  2882 | D:3      | Found a faded altar of an unknown god.
  2882 | D:3      | Found a hide-covered altar of Uskayaw.
  2891 | D:2      | Killed Natasha
  2892 | D:2      | Reached XP level 5. HP: 29/47 MP: 6/6
  3369 | D:3      | Killed from afar by an orc wizard

Illustrated notes

Levels and vault maps discovered:
D:1:      minmay_arrival_nine_rooms, layout_rooms
D:2:      layout_basic, minmay_tetromino_o2, uniq_terence
D:3:      layout_rooms, mainiacjoe_overflow_catwalk,
          ebering_ecumenical_altar_abandoned, minivault_14, uniq_natasha

Skill      XL: |  1  2  3  4 |
---------------+-------------+-----
Invocations    | 1 |  1.8
Short Blades   | 1 |  1.6
Long Blades    | 1 |  1.6
Axes           | 1 |  1.6
Maces & Flails | 1 |  1.6
Polearms       | 1 |  1.6
Staves         | 1 |  1.6
Slings         | 1 |  1.6
Bows           | 1 |  1.6
Crossbows      | 1 |  1.6
Armour         | 1 |  1.6
Dodging        | 1 |  1.6
Unarmed Combat | 1 |  1.6
Spellcasting   | 1 |  1.6
Evocations     | 1 |  1.6
Conjurations   | 1 |  1.2
Hexes          | 1 |  1.2
Summonings     | 1 |  1.2
Necromancy     | 1 |  1.2
Translocations | 1 |  1.2
Transmutations | 1 |  1.2
Fire Magic     | 1 |  1.2
Ice Magic      | 1 |  1.2
Air Magic      | 1 |  1.2
Earth Magic    | 1 |  1.2
Poison Magic   | 1 |  1.2
Fighting       | |  6.7
Throwing       | |  4.8
Stealth        | |  2.8
Shields        | |  8.6

Action                   |  1- 3 |  4- 6 || total
-------------------------+-------+-------++-------
Melee: Dagger            |   147 |       ||   147
       Bite              |    13 |     1 ||    14
       Flail             |       |    10 ||    10
 Fire: Hunting sling     |    22 |    63 ||    85
 Stab: Sleeping          |     2 |       ||     2
Armor: Leather armour    |    28 |       ||    28
       Robe              |       |     3 ||     3
Dodge: Dodged            |    59 |    23 ||    82
Block: Buckler           |    62 |    23 ||    85

Table legend: (Time is in decaauts)
 A = Elapsed time spent in this place.
 B = Non-inter-level travel time spent in this place.
 C = Inter-level travel time spent in this place.
 D = Time resting spent in this place.
 E = Time spent auto-exploring this place.
 F = Levels seen in this place.
 G = Mean time per level.
                   A        B        C        D        E       F      G
               +--------+--------+--------+--------+--------+-----+--------+
         Total |   3389 |   2567 |    822 |    806 |   1159 |   3 | 1129.7 |
       Dungeon |   3389 |   2567 |    822 |    806 |   1159 |   3 | 1129.7 |
               +--------+--------+--------+--------+--------+-----+--------+

Top non-repeatable levels by time:
     D:2: 1952 daAuts
     D:1: 1257 daAuts
     D:3: 179 daAuts
